 Dungeon Crawl Stone Soup version 0.28.0-45-g0d030f2227 (webtiles) character file.

Game seed: 8938743292441955115

29 pkoi the Charlatan (level 2, 0/23 HPs)
             Began as a Demigod Artificer on Apr 8, 2022.
             Slain by a goblin
             ... wielding a +0 club
              (2 damage)
             ... on level 1 of the Dungeon.
             The game lasted 00:01:23 (1055 turns).

pkoi the Charlatan (Demigod Artificer)              Turns: 1055, Time: 00:01:24

Health: 0/23       AC:  3    Str: 13    XL:     2   Next: 81%
Magic:  4/4        EV: 11    Int: 13    God:
Gold:   12         SH:  0    Dex: 14    Spells: 1/1 levels left

rFire   . . .      SeeInvis .   f - +0 short sword
rCold   . . .      Faith    .   (no shield)
rNeg    . . .      Spirit   .   b - +0 leather armour
rPois   .          Reflect  .   (no helmet)
rElec   .          Harm     .   (no cloak)
rCorr   .          Rampage  .   (no gloves)
Will    .....                   (no boots)
Stlth   +.........              (no amulet)
HPRegen 0.07/turn               (no ring)
MPRegen 0.09/turn               (no ring)

@: no status effects
A: high MP 1, forlorn, divine attributes
a: no special abilities


You were on level 1 of the Dungeon.
You visited 1 branch of the dungeon, and saw 1 of its levels.

You collected 12 gold pieces.

Inventory:

Hand Weapons
 a - a +0 club
 f - a +0 short sword (weapon)
Armour
 b - a +0 leather armour (worn)
Jewellery
 g - a ring of wizardry
Wands
 c - a wand of flame (13) (quivered)
 d - a wand of charming (15)
Scrolls
 h - a scroll of torment {unknown}
Miscellaneous
 e - a piece from Xom's chessboard (15/15)


   Skills:
 + Level 1.4 Fighting
 - Level 1.7 Armour
 + Level 1.4 Dodging
 - Level 0.8 Stealth
 * Level 3.3 Evocations


You had one spell level left.
You didn't know any spells.
Your spell library was empty.

Dungeon Overview and Level Annotations

Branches:
Dungeon (1/15)


Innate Abilities, Weirdness & Mutations

You have an increased reservoir of magic. (+10% MP)
You shall have no god before yourself.
Your divine heritage dramatically boosts your attributes as you level up.


Message History

The jackal bites you but does no damage.
The jackal misses you.
Things that are here:
a +0 dagger; a jackal corpse You barely miss the jackal.
The jackal misses you. The jackal closely misses you.
You hit the jackal but do no damage. The jackal barely misses you.
The jackal bites you.
* * * LOW HITPOINT WARNING * * *
You closely miss the jackal.
The jackal bites you but does no damage.
Aiming: Throw Flame
Press: ? - help, Shift-Dir - straight line, f - jackal
Aim: a jackal (64% to hit)
The puff of flame misses the jackal.
The puff of flame hits the jackal!
You kill the jackal!
The jackal misses you.
The jackal stops to sniff the ground.
The jackal barely misses you.
Aiming: Throw Flame
Press: ? - help, Shift-Dir - straight line, f/p - jackal
Aim: a jackal (64% to hit)
The puff of flame hits the jackal!
You kill the jackal!
Unknown command.
You start resting.
A goblin comes into view. It is wielding a +0 club.
A goblin is nearby!
A goblin is nearby!
You start resting.
A goblin is nearby!
A goblin is nearby!
You hit the goblin.
The goblin is severely wounded.
The goblin hits you with a +0 club.
* * * LOW HITPOINT WARNING * * *
You closely miss the goblin.
The goblin is severely wounded.
The goblin hits you with a +0 club.
You die...

#.#...##.##..# #.#
#.##..##.##..###.## .
##.##.##........ #
##.......####.## ##.......##
##.###.#### #.#.
#.........####...##.#######.).
+.g.......+...................
#.........##g#...##.#######...
#.......##.#@#.###[##........
#.....##.###.#.......##.....
#...##.## ##.....#..##.....
#.†)...# #.#.......##.....
#..####.#. #######........
#..# ..# #####.### #..# .# #.#
...# ## #.# .....


You could see a goblin.

Vanquished Creatures
  A dart slug (D:1)
  An endoplasm (D:1)
  2 giant cockroaches (D:1)
  6 goblins (D:1)
  A hobgoblin (D:1)
  3 jackals (D:1)
  3 kobolds (D:1)
  2 ball pythons (D:1)
  A frilled lizard (D:1)
  3 rats (D:1)
23 creatures vanquished.

Notes
Turn   | Place    | Note
-------+----------+-------------------------------------------
     0 | D:1      | pkoi the Demigod Artificer began the quest for the Orb.
     0 | D:1      | Reached XP level 1. HP: 15/15 MP: 3/3
    19 | D:1      | Reached skill level 1 in Fighting
    19 | D:1      | Reached skill level 1 in Dodging
   468 | D:1      | Reached skill level 3 in Evocations
   620 | D:1      | Reached XP level 2. HP: 23/23 MP: 4/4
  1054 | D:1      | HP: 1/23 [goblin/+0 club (2)]
  1055 | D:1      | Slain by a goblin

Illustrated notes

Levels and vault maps discovered:
D:1:      dpeg_arrival_chambers_temple_mockup, layout_loops_corners

Skill      XL: |  1 |
---------------+----+-----
Fighting       | 1 |  1.4
Dodging        | 1 |  1.4
Evocations     | 3 |  3.3
Armour         | |  1.7
Stealth        | |  0.8

Action                   || total
-------------------------++-------
Melee: Short sword       ||    87
       Club              ||     6
       Punch             ||     1
Evoke: Wand              ||     2
Armor: Leather armour    ||    35
Dodge: Dodged            ||    67
